Map: Emerald City LE

Players

qqq - Winner!

  • Race: Protoss Protoss
  • Spawn Location: 11:00

Massa - Winner!

  • Race: Terran Terran
  • League: Gold
  • Spawn Location: 11:00

Sage

  • Race: Terran Terran
  • Spawn Location: 5:00

Rutra

  • Race: Protoss Protoss
  • League: Gold
  • Spawn Location: 5:00

VOD

Have the link to the VOD?

Description

Time

  • Played on: June 30, 2020, 3:53 p.m.
  • Length: 13:52
Show
View Real Time Build Order
Export as new Build Order

qqq Protoss - Winner!

Build Orders:  

Get SALT Encoding   

  12  0:02  Probe  
  13  0:16  Pylon  
  13  0:19  Probe  
  14  0:30  Pylon  
  14  0:42  Forge  
  14  0:48  Probe  
  15  1:00  Probe  
  16  1:12  Probe  
  17  1:19  Gateway  
  17  1:21  Pylon  
  17  1:24  Probe  
  18  1:45  Photon Cannon  
  18  1:52  Pylon  
  18  1:57  Photon Cannon  
  18  2:08  Photon Cannon  
  18  2:11  Pylon  
  17  2:28  Pylon  
  17  2:35  Cybernetics Core  
  17  2:38  Assimilator  
  17  2:40  Probe  
  17  2:42  Assimilator  
  18  2:52  Probe  
  19  3:04  Probe  
  20  3:12  Pylon  
  20  3:16  Probe  
  21  3:28  Probe  
  21  3:30  Photon Cannon  
  21  3:32  Photon Cannon  
  22  3:40  Probe  
  23  3:42  Stalker  
  25  3:53  Photon Cannon  
  25  4:49  Stargate  
  25  4:58  Nexus  
  24  5:05  Pylon  
  24  5:15  Probe  
  25  5:24  Stargate  
  25  5:34  Phoenix  
  27  5:41  Nexus  
  27  5:51  Pylon  
  27  5:53  Protoss Air Weapons Level 1  
  27  5:59  Phoenix  
  29  6:08  Phoenix  
  29  6:10  Probe  
  32  6:22  Probe  
  32  6:25  Phoenix  
  35  6:35  Probe  
  36  6:40  Phoenix  
  39  6:47  Probe  
  39  6:53  Probe  
  40  6:57  Phoenix  
  40  6:59  Probe  
  43  7:06  Phoenix  
  45  7:08  Probe  
  45  7:11  Probe  
  47  7:21  Probe  
  47  7:22  Phoenix  
  50  7:23  Probe  
  51  7:33  Probe  
  51  7:35  Probe  
  53  7:40  Fleet Beacon  
  53  7:47  Probe x2  
  55  7:59  Probe x2  
  55  8:01  Phoenix  
  55  8:05  Assimilator  
  59  8:10  Assimilator  
  59  8:11  Probe x2  
  59  8:12  Phoenix  
  63  8:23  Probe x2  
  61  8:38  Phoenix  
  61  8:40  Probe  
  61  8:41  Probe  
  65  8:52  Photon Cannon  
  65  8:53  Probe x2  
  67  8:57  Pylon  
  67  9:05  Probe x2  
  67  9:06  Phoenix  
  71  9:15  Protoss Air Armor Level 1  
  72  9:17  Probe x2  
  73  9:29  Probe x2, Assimilator  
  75  9:33  Assimilator  
  75  9:36  Photon Cannon  
  75  9:39  Photon Cannon  
  75  9:41  Probe  
  75  9:44  Carrier  
  82  9:48  Anion Pulse-Crystals  
  82  9:50  Nexus  
  82  9:52  Pylon  
  82  9:53  Probe, Phoenix  
  82  9:56  Pylon  
  82  9:58  Pylon  
  85  10:05  Probe  
  86  10:07  Pylon  
  86  10:17  Probe  
  86  10:18  Carrier  
  93  10:29  Probe  
  94  10:42  Probe  
  93  10:48  Carrier  
  99  10:52  Stargate  
  99  10:54  Pylon  
  99  10:59  Probe  
  100  11:09  Photon Cannon  
  100  11:11  Probe, Photon Cannon  
  101  11:18  Photon Cannon  
  101  11:20  Photon Cannon  
  101  11:22  Carrier  
  101  11:23  Probe  
  101  11:24  Photon Cannon  
  108  11:27  Photon Cannon  
  108  11:32  Photon Cannon  
  108  11:39  Stargate  
  107  11:46  Photon Cannon  
  107  11:47  Shield Battery  
  107  11:58  Pylon  
  107  12:01  Pylon  
  107  12:06  Pylon  
  107  12:07  Photon Cannon  
  107  12:19  Carrier  
  121  12:36  Nexus  
  121  12:38  Pylon  
  121  12:56  Tempest  
  132  13:01  Pylon  
  132  13:04  Pylon  
  132  13:06  Pylon  
  132  13:07  Pylon  
  132  13:12  Pylon  
Show
View Real Time Build Order
Export as new Build Order

Massa Terran - Winner!

Build Orders: Reaper Expand 

Get SALT Encoding   

  12  0:06  SCV  
  13  0:17  Supply Depot  
  13  0:18  SCV  
  14  0:35  SCV  
  15  0:41  Barracks  
  15  0:47  SCV  
  16  0:59  SCV  
  16  1:03  Refinery  
  17  1:06  Refinery  
  17  1:11  SCV  
  18  1:23  SCV  
  18  1:35  SCV  
  19  1:42  Command Center  
  19  1:50  SCV  
  19  1:52  Reaper  
  21  2:02  SCV  
  22  2:14  SCV  
  23  2:20  Barracks  
  23  2:31  Supply Depot  
  23  2:34  Supply Depot  
  23  2:37  Supply Depot  
  23  2:53  Reaper  
  24  3:07  SCV  
  25  3:19  SCV  
  26  3:25  Reaper  
  27  3:31  SCV  
  27  3:43  Reaper, SCV  
  27  3:47  SCV  
  30  3:55  SCV  
  30  3:57  Reaper  
  30  3:59  SCV  
  33  4:08  SCV  
  34  4:11  SCV  
  34  4:15  Reaper  
  36  4:20  SCV  
  36  4:24  SCV  
  37  4:29  Reaper  
  38  4:36  SCV  
  39  4:40  Orbital Command  
  38  4:47  Reaper  
  38  4:48  SCV  
  40  5:01  Reaper  
  41  5:10  Command Center  
  40  5:19  Reaper  
  41  5:25  SCV  
  41  5:26  SCV  
  43  5:33  Reaper  
  43  5:37  SCV  
  45  5:46  Orbital Command  
  45  5:49  SCV  
  45  5:52  Barracks  
  45  5:54  Barracks  
  45  5:56  Barracks  
  45  5:57  Barracks  
  45  5:58  Factory  
  45  5:59  Factory  
  45  6:01  SCV  
  46  6:12  Engineering Bay  
  46  6:13  SCV  
  46  6:17  Supply Depot x2  
  46  6:18  Supply Depot x4  
  45  6:26  SCV  
  45  6:38  SCV  
  43  6:41  SCV  
  43  6:42  SCV  
  43  6:46  Factory Tech Lab x2  
  45  6:50  SCV  
  45  6:51  Barracks Tech Lab  
  45  6:52  Barracks Reactor, Marine x4  
  51  6:54  SCV  
  51  7:02  SCV, Planetary Fortress  
  51  7:07  Refinery, SCV  
  53  7:10  Refinery, Marine x4  
  53  7:11  Terran Infantry Weapons Level 1  
  53  7:14  SCV  
  58  7:17  Armory, Engineering Bay  
  58  7:24  Armory  
  58  7:27  Missile Turret x2  
  58  7:28  Marine x4  
  62  7:36  SCV x2  
  60  7:45  Marine  
  60  7:46  Marine x3  
  60  7:48  SCV x2  
  59  7:58  Missile Turret  
  59  8:00  SCV  
  59  8:03  Marine  
  61  8:12  SCV  
  62  8:14  Terran Infantry Armor Level 1  
  62  8:16  Terran Vehicle And Ship Armor Level 1, Terran Vehicle Weapons Level 1  
  62  8:19  Siege Tank  
  65  8:21  Marauder, Marine x2  
  65  8:22  Marine x4, Missile Turret  
  65  8:24  SCV  
  74  8:30  Refinery  
  74  8:36  SCV  
  74  8:39  Marine x3  
  74  8:40  Marine x3  
  81  8:42  Marine  
  81  8:43  SCV  
  81  8:44  SCV  
  85  8:48  SCV  
  85  8:51  Command Center  
  85  8:55  SCV  
  85  8:56  SCV  
  85  8:57  Marine x4, Missile Turret  
  85  8:58  Marine x2  
  85  8:59  Missile Turret  
  85  9:00  SCV, Marine  
  95  9:03  Missile Turret  
  95  9:07  Missile Turret  
  95  9:08  SCV x2  
  97  9:12  SCV  
  97  9:15  Marine  
  99  9:17  Missile Turret  
  99  9:18  Barracks Tech Lab  
  99  9:20  SCV x2  
  99  9:21  Stimpack  
  101  9:24  SCV  
  101  9:27  Missile Turret  
  102  9:32  SCV x2, Siege Tank x2  
  102  9:37  SCV  
  102  9:38  Missile Turret  
  111  9:43  Barracks Tech Lab  
  111  9:44  SCV x2  
  113  9:57  SCV x3  
  116  10:04  Barracks Tech Lab  
  116  10:07  Thor  
  116  10:08  Thor  
  116  10:09  SCV x2  
  116  10:10  Marauder x3  
  116  10:11  Marine  
  116  10:12  Combat Shield  
  137  10:14  Concussive Shells  
  137  10:20  Orbital Command  
  137  10:26  Refinery x2  
  137  10:31  Marauder  
  137  10:33  Refinery  
  139  10:37  Marauder  
  139  10:38  Marauder  
  139  10:39  Supply Depot  
  139  10:40  Supply Depot x2  
  139  10:41  Supply Depot  
  117  10:53  Marauder  
  117  10:54  Marauder, Marine  
  117  10:55  Marine x2  
  124  10:58  Marauder  
  124  10:59  Marauder  
  124  11:03  Supply Depot  
  128  11:05  Supply Depot  
  128  11:06  Supply Depot  
  128  11:10  Thor  
  134  11:12  Marine x3  
  134  11:14  Marauder  
  134  11:15  Marauder  
  134  11:17  Thor  
  147  11:20  Marauder x2  
  151  11:30  Marine x3  
  154  11:35  Marauder  
  154  11:37  Marauder  
  158  11:41  Marauder  
  158  11:42  Marauder  
  162  11:57  Marauder  
  162  11:58  Marauder  
  166  12:02  Marine x3  
  166  12:03  Marauder x2  
  171  12:18  Marauder  
  171  12:19  Marauder, Marine  
  171  12:20  Marine  
  158  12:24  Marauder x2  
  129  12:39  Marauder  
  129  12:41  Marauder  
  100  12:45  Marauder  
  100  12:46  Marauder  
  100  12:48  Barracks Tech Lab  
  100  12:49  Marine x2  
  106  12:51  Thor x2  
  118  12:59  SCV  
  118  13:00  SCV x3  
  118  13:01  Marauder  
  118  13:02  Marauder  
  126  13:06  Command Center  
  126  13:07  Marauder x2, Marine x2  
  126  13:12  SCV x3  
  135  13:19  Marauder  
  133  13:22  Marauder  
  133  13:23  Marauder  
  133  13:24  Marine  
  133  13:25  Marine  
  136  13:28  Marauder  
  136  13:29  Marauder  
Show
View Real Time Build Order
Export as new Build Order

Sage Terran 

Build Orders: Reaper Expand 

Get SALT Encoding   

  12  0:00  SCV  
  13  0:13  SCV  
  14  0:17  Supply Depot  
  14  0:25  SCV  
  15  0:39  SCV  
  15  0:40  Barracks  
  16  0:48  Refinery  
  16  0:51  SCV  
  17  1:03  SCV  
  18  1:15  SCV  
  19  1:35  Orbital Command  
  19  1:36  Reaper  
  20  1:46  Command Center  
  19  2:23  Factory  
  19  2:26  Barracks Tech Lab  
  19  2:31  Refinery  
  19  2:33  SCV, Supply Depot  
  20  2:42  Command Center  
  20  2:47  SCV, Barracks  
  20  2:48  Marine  
  21  3:34  Siege Tank  
  21  3:37  SCV  
  25  3:41  Marine x2, Supply Depot  
  27  3:49  SCV  
  28  4:06  Siege Tank  
  29  4:17  Starport, Barracks Tech Lab  
  29  4:19  Marine  
  30  4:37  Marine x2  
  29  4:54  Marine, Siege Tank  
  29  4:55  Marine  
  29  4:57  Liberator  
  37  5:12  Marine  
  35  5:29  Orbital Command  
  35  5:54  Marine x2  
  35  5:55  SCV  
  38  5:58  Supply Depot  
  38  5:59  Liberator  
  38  6:00  Orbital Command  
  38  6:01  Siege Tank  
  44  6:12  Marine x2  
  44  6:15  Engineering Bay  
  46  6:21  Stimpack  
  46  6:30  Marine x2  
  47  6:44  SCV x2  
  49  6:47  Marine  
  49  6:48  Marine  
  51  6:56  SCV x2  
  54  7:08  SCV  
  54  7:09  Barracks Reactor, SCV  
  54  7:15  Missile Turret  
  55  7:18  Missile Turret  
  55  7:20  SCV  
  55  7:21  SCV  
  57  7:25  Missile Turret  
  57  7:33  SCV x2  
  59  7:45  SCV x2  
  58  7:52  Marine  
  58  7:53  Marine x2  
  58  7:57  SCV x2  
  60  8:00  Refinery  
  60  8:04  Missile Turret  
  60  8:09  SCV x2, Barracks, Terran Infantry Weapons Level 1  
  60  8:11  Combat Shield  
  62  8:12  Starport Reactor  
  62  8:18  Supply Depot  
  62  8:20  Supply Depot  
  62  8:39  SCV x2, Marine x3  
  62  8:40  Siege Tank  
  70  8:43  Refinery  
  70  8:52  SCV x2  
  72  8:57  Marine  
  72  8:58  Barracks Tech Lab, Supply Depot  
  72  8:59  Barracks Reactor  
  72  9:00  Marauder  
  72  9:01  Marine  
  77  9:02  Medivac  
  76  9:08  Engineering Bay  
  78  9:19  Marine x2, Medivac, Siege Tank  
  78  9:22  Marauder  
  86  9:29  Command Center  
  86  9:35  Missile Turret  
  86  9:43  Supply Depot  
  86  9:45  Supply Depot  
  86  9:47  Terran Infantry Armor Level 1  
  86  9:51  Armory  
  86  9:55  Missile Turret  
  86  10:04  Marine x3, Medivac x2  
  86  10:05  SCV  
  86  10:06  SCV, Marine x2  
  97  10:08  Supply Depot  
  97  10:17  SCV  
  97  10:19  Missile Turret  
  98  10:22  Marine x2, Supply Depot  
  98  10:24  Marine  
  98  10:25  Supply Depot  
  76  10:52  Marine x5  
  81  11:00  Orbital Command  
  81  11:04  Medivac  
  81  11:06  Medivac  
  81  11:09  Marine  
  81  11:10  Marine x4  
  90  11:20  Orbital Command  
  90  11:25  Missile Turret  
  90  11:27  Marine x3  
  90  11:28  Marine x2  
  95  11:45  Marine x5  
  100  11:48  Missile Turret  
  100  12:00  Barracks  
  99  12:02  Barracks x2  
  99  12:03  Marine x5  
  94  12:21  Marine x5  
  64  12:38  SCV x3, Marine  
  64  12:39  Marine x4  
  70  12:50  SCV x3  
  73  12:56  Marine x2  
  73  12:57  Marine x3, Missile Turret  
  78  13:02  SCV x3  
  81  13:06  Missile Turret  
  81  13:14  SCV x3, Marine x5  
  81  13:18  Missile Turret  
  57  13:27  Missile Turret  
  57  13:32  Marine  
  45  13:39  Missile Turret  
Show
View Real Time Build Order
Export as new Build Order

Rutra Protoss 

Build Orders:  

Get SALT Encoding   

  12  0:00  Probe  
  13  0:19  Probe, Pylon  
  14  0:31  Probe  
  15  0:37  Gateway  
  15  0:40  Probe  
  15  0:48  Probe  
  17  0:58  Probe  
  17  1:04  Assimilator  
  18  1:06  Assimilator  
  18  1:10  Probe  
  19  1:17  Pylon  
  19  1:37  Zealot  
  18  1:42  Probe  
  21  2:02  Cybernetics Core  
  21  2:28  Gateway  
  21  2:50  Adept  
  23  3:08  Pylon  
  23  3:15  Forge  
  23  3:23  Adept  
  23  3:24  Adept  
  27  3:46  Adept  
  29  4:01  Photon Cannon  
  27  4:12  Probe  
  27  4:16  Adept  
  28  4:24  Probe, Adept  
  31  5:24  Pylon  
  31  5:25  Pylon  
  31  5:28  Pylon, Warp Gate  
  31  5:41  Adept x2  
  33  6:11  Nexus, Adept x2  
  33  6:17  Pylon  
  37  6:19  Pylon  
  37  6:22  Protoss Ground Weapons Level 1  
  37  6:23  Pylon  
  37  6:26  Photon Cannon  
  37  6:29  Photon Cannon  
  37  6:49  Probe, Gateway x2  
  37  6:51  Gateway  
  38  7:01  Probe  
  39  7:14  Probe  
  40  7:20  Robotics Facility  
  40  7:23  Probe  
  40  7:24  Stalker  
  40  7:25  Probe  
  44  7:31  Probe  
  44  7:33  Probe  
  45  7:39  Photon Cannon  
  45  7:40  Probe  
  45  7:42  Probe, Photon Cannon  
  47  7:45  Pylon  
  48  7:51  Stalker x3  
  48  7:52  Probe  
  48  7:54  Probe  
  56  8:10  Observer  
  57  8:17  Assimilator  
  57  8:18  Assimilator  
  55  8:21  Protoss Ground Armor Level 1  
  55  8:22  Stalker  
  53  8:35  Zealot  
  53  8:36  Zealot x3  
  59  8:45  Probe  
  59  8:49  Probe  
  59  8:54  Probe  
  61  8:58  Stalker x3  
  61  8:59  Stalker x2  
  61  9:01  Probe  
  73  9:03  Probe  
  74  9:13  Probe  
  75  9:22  Stalker x2  
  75  9:23  Stalker x2  
  83  9:36  Probe x2  
  85  9:47  Stalker x4  
  85  9:48  Probe x2  
  95  10:02  Stalker  
  97  10:17  Nexus  
  97  10:29  Stalker x2  
  100  10:55  Pylon  
  100  10:58  Pylon  
  100  11:05  Stargate  
  100  11:06  Stargate  
  100  11:37  Photon Cannon  
  100  11:40  Photon Cannon  
  100  11:43  Photon Cannon  
  100  11:44  Zealot x3  
  100  11:45  Zealot x2  
  110  11:47  Observer  
  110  11:53  Phoenix x2  
  115  12:13  Stalker  
  115  12:14  Stalker x4  
  125  12:18  Phoenix x2  
  117  12:32  Twilight Council  
  85  12:55  Stalker x2  
  85  12:56  Stalker x3  
  95  12:59  Observer  
  72  13:20  Stalker  
  72  13:21  Stalker x2  
  72  13:23  Zealot x2  
  66  13:27  Probe  
  65  13:35  Probe  
Tags
 
Add a new tag
Caveats
  • Supply blocks, unpowered buildings, or Contaminate may cause inaccurate times.
  • Supply counts are checked every 10 seconds.